Map: Celestial Enclave LE

Players

Toto - Winner!

  • Race: Terran Terran
  • League: Gold
  • Spawn Location: 7:00

micola

  • Race: Terran Terran
  • League: Silver
  • Spawn Location: 1:00

VOD

Have the link to the VOD?

Description

lose to macro terran with low apm

Time

  • Played on: June 17, 2026, 6:33 a.m.
  • Length: 17:07
Show
View Real Time Build Order
Export as new Build Order

Toto Terran - Winner!

Build Orders:  

Get SALT Encoding   

  12  0:04  SCV  
  13  0:16  SCV  
  14  0:28  Supply Depot  
  14  0:31  SCV  
  15  0:49  SCV  
  16  0:53  Barracks  
  16  1:01  SCV  
  16  1:02  Refinery  
  17  1:13  SCV  
  18  1:28  Command Center  
  18  1:29  SCV  
  19  1:38  Refinery  
  19  1:40  Marine  
  19  1:41  SCV  
  21  1:49  Supply Depot  
  21  1:53  SCV  
  22  2:03  Supply Depot  
  22  2:05  SCV  
  23  2:17  SCV  
  23  2:18  Bunker  
  24  2:29  SCV  
  25  2:37  Engineering Bay  
  25  2:41  SCV  
  25  2:42  SCV  
  27  2:46  Marine  
  28  2:53  Refinery  
  28  2:54  SCV  
  28  2:55  SCV  
  30  3:06  SCV  
  30  3:08  Factory  
  30  3:11  SCV  
  32  3:18  SCV  
  32  3:19  Marine  
  34  3:23  SCV  
  35  3:30  SCV  
  36  3:34  Hi-Sec Auto Tracking  
  36  3:35  SCV  
  37  3:42  SCV  
  37  3:47  SCV  
  39  3:49  Refinery  
  39  3:52  Marine  
  39  3:54  SCV  
  39  3:55  Factory Tech Lab  
  41  4:00  SCV  
  42  4:06  SCV  
  42  4:08  Starport  
  43  4:11  Starport  
  43  4:14  Armory  
  43  4:15  Siege Tank  
  46  4:18  SCV  
  47  4:30  SCV  
  48  4:34  Missile Turret  
  48  4:36  Missile Turret  
  48  4:43  SCV  
  49  4:47  SCV  
  49  4:51  Starport Tech Lab  
  49  4:52  Starport Reactor  
  50  4:55  SCV  
  52  5:00  SCV  
  52  5:04  Terran Ship Weapons Level 1  
  52  5:05  Neosteel Armor  
  52  5:07  Missile Turret, SCV  
  53  5:08  Missile Turret  
  53  5:19  SCV  
  54  5:21  Command Center  
  54  5:30  Missile Turret  
  54  5:32  Supply Depot  
  54  5:34  Supply Depot  
  54  5:49  Planetary Fortress  
  54  5:53  Orbital Command, Liberator  
  54  5:54  Cyclone, Raven  
  62  5:57  Supply Depot  
  62  6:04  Armory  
  62  6:07  Armory  
  59  6:15  Marine  
  60  6:26  Missile Turret  
  60  6:30  Missile Turret  
  60  6:33  Marine  
  61  6:52  Missile Turret  
  57  6:56  Missile Turret  
  57  7:02  Liberator, Raven  
  57  7:03  Viking  
  57  7:05  Thor  
  70  7:16  Planetary Fortress  
  71  7:22  SCV  
  71  7:33  Viking  
  71  7:35  SCV  
  71  7:36  Viking  
  76  7:40  Missile Turret  
  76  7:43  Missile Turret, Unknown  
  76  7:45  Missile Turret  
  76  7:47  SCV  
  77  7:55  SCV  
  78  7:59  SCV, Terran Vehicle And Ship Armor Level 1  
  78  8:01  Terran Vehicle Weapons Level 1, Terran Ship Weapons Level 2  
  79  8:07  SCV  
  79  8:10  Starport  
  79  8:11  SCV  
  81  8:19  Starport, SCV  
  82  8:31  SCV  
  79  8:43  SCV  
  78  8:53  Starport Tech Lab  
  78  8:55  Viking x4  
  86  9:25  Viking x2, Starport Tech Lab  
  90  9:46  Command Center  
  87  10:07  Viking x3  
  93  10:18  Supply Depot x2  
  93  10:20  Terran Vehicle Weapons Level 2  
  93  10:21  Terran Vehicle And Ship Armor Level 2  
  93  10:22  Supply Depot  
  93  10:23  Terran Ship Weapons Level 3  
  93  10:39  Viking  
  93  10:40  Raven  
  93  10:42  Supply Depot  
  97  10:46  Supply Depot  
  97  10:49  Viking  
  99  10:50  Viking x2  
  103  11:09  Viking  
  99  11:14  Viking  
  95  11:19  Viking x2  
  99  11:32  Fusion Core  
  99  11:35  SCV  
  99  11:39  Planetary Fortress  
  100  11:47  SCV  
  100  11:50  Missile Turret  
  100  11:51  Missile Turret  
  100  11:55  Missile Turret  
  100  11:59  SCV  
  93  12:12  SCV  
  78  12:24  SCV  
  79  12:40  Battlecruiser x3, Viking  
  79  12:41  Viking  
  101  13:10  Viking  
  101  13:11  Viking  
  105  13:13  Refinery  
  105  13:14  Refinery  
  105  13:29  SCV  
  106  13:40  Viking  
  106  13:41  SCV  
  97  13:53  SCV  
  98  14:05  SCV  
  93  14:17  SCV  
  100  14:24  Battlecruiser x2  
  100  14:25  Battlecruiser, Viking x2  
  116  14:34  Missile Turret x4  
  116  14:38  Weapon Refit  
  116  14:43  Thor  
  122  14:55  Viking x2  
  120  15:24  Command Center  
  120  15:25  Viking  
  120  15:26  Thor  
  120  15:27  SCV  
  129  15:39  SCV  
  129  15:41  Battlecruiser x3  
  148  15:44  Command Center  
  148  15:55  Supply Depot x2  
  148  15:57  Supply Depot x2  
  148  16:16  Viking x2  
  148  16:17  Missile Turret  
  152  16:19  Missile Turret  
  152  16:20  Missile Turret x2  
Show
View Real Time Build Order
Export as new Build Order

micola Terran 

Build Orders:  

Get SALT Encoding   

  12  0:00  SCV  
  13  0:13  SCV  
  14  0:17  Supply Depot  
  14  0:25  SCV  
  15  0:39  SCV  
  15  0:40  Barracks  
  16  0:51  SCV  
  16  0:55  Refinery  
  17  1:03  SCV  
  18  1:31  Orbital Command  
  18  1:34  Supply Depot  
  18  1:38  Barracks Reactor  
  18  1:50  Bunker  
  18  1:57  SCV  
  19  2:13  SCV  
  19  2:15  Marine x2  
  22  2:23  Factory  
  22  2:25  Supply Depot  
  22  2:28  Barracks  
  22  2:31  SCV  
  22  2:36  Supply Depot  
  23  2:39  Marine  
  23  2:40  Marine  
  25  2:44  SCV  
  26  2:55  Command Center  
  26  3:00  SCV  
  26  3:03  Marine  
  28  3:08  Factory Tech Lab  
  28  3:10  Marine  
  29  3:17  SCV  
  29  3:18  Supply Depot  
  30  3:24  Marine  
  30  3:26  Barracks Tech Lab  
  29  3:35  Starport  
  29  3:42  Supply Depot  
  29  3:44  Supply Depot  
  29  3:46  SCV  
  29  3:47  Marine  
  29  3:48  Marine  
  31  3:51  Stimpack  
  32  3:59  Marine  
  33  4:05  Marine  
  33  4:06  Marine  
  33  4:09  Orbital Command  
  35  4:12  SCV  
  36  4:19  Marine  
  36  4:22  Starport Reactor  
  37  4:30  SCV  
  37  4:31  Supply Depot, Marine  
  38  4:32  Marine  
  40  4:52  SCV x2  
  42  4:53  Refinery  
  42  4:54  Marine x2  
  42  4:55  Siege Tank  
  42  4:57  Marine  
  48  5:04  Supply Depot  
  48  5:12  Marine x2  
  50  5:18  Marine  
  51  5:27  Medivac  
  53  5:32  SCV x2  
  55  5:36  Marine x2  
  57  5:44  SCV x2  
  57  5:46  Marine  
  60  5:54  Marine  
  61  5:59  Barracks x2, SCV  
  61  6:00  SCV  
  61  6:01  Medivac  
  55  6:14  Marine x2  
  55  6:15  Marine  
  55  6:16  Siege Tank  
  53  6:21  SCV x2  
  55  6:30  Supply Depot  
  55  6:32  Medivac, Marine x2  
  59  6:33  Marine  
  60  6:40  Refinery x2  
  60  6:43  Engineering Bay  
  60  6:46  Engineering Bay  
  59  6:47  Barracks  
  59  6:50  Marine x2  
  52  7:01  Barracks Reactor x2  
  52  7:08  SCV x2  
  54  7:10  Marine x3  
  54  7:11  Siege Tank  
  60  7:28  Marine x2  
  60  7:29  Marine  
  63  7:30  Command Center  
  63  7:34  Medivac  
  65  7:40  Marine x3  
  65  7:41  Marine  
  65  7:42  SCV x2  
  65  7:43  Siege Tank  
  74  7:44  Terran Infantry Weapons Level 1  
  74  7:45  Marine  
  74  7:46  Marine  
  74  7:47  Marine  
  77  7:52  Supply Depot  
  77  7:58  SCV x2  
  77  8:04  Marine x2  
  77  8:05  Marine x4  
  85  8:08  Marine  
  85  8:11  Terran Infantry Armor Level 1  
  86  8:15  Supply Depot  
  65  8:42  Marine x2  
  65  8:43  Marine x3  
  65  8:44  Marine x2  
  65  8:47  Cyclone  
  71  8:51  Viking x2  
  71  8:52  SCV x2  
  70  9:00  Marine x3  
  70  9:01  Marine x2  
  70  9:02  Marine  
  73  9:04  SCV  
  73  9:05  SCV  
  73  9:08  Barracks Tech Lab  
  70  9:15  Supply Depot  
  70  9:17  SCV x2  
  72  9:18  Supply Depot  
  72  9:22  Orbital Command  
  72  9:29  SCV x2  
  72  9:30  Marine x5  
  72  9:31  Marine x3  
  82  9:37  Cyclone  
  84  9:48  Marine x5  
  84  9:49  Marauder  
  84  10:02  Marine x2  
  84  10:04  Medivac x2  
  84  10:06  Marine x2  
  92  10:21  Armory  
  92  10:24  Armory  
  92  10:34  Medivac x2, Marine  
  92  10:35  Marine x7, Supply Depot  
  101  10:37  Siege Tank  
  100  10:52  Marine x2  
  100  10:53  Marine  
  91  11:04  Medivac x2  
  91  11:09  Siege Tank  
  96  11:17  Marine x3  
  96  11:18  Marine x5  
  100  11:23  Supply Depot  
  102  11:25  Supply Depot  
  102  11:27  Terran Vehicle Weapons Level 1, Terran Vehicle And Ship Armor Level 1  
  102  11:28  Terran Infantry Weapons Level 2, Terran Infantry Armor Level 2  
  102  11:31  Supply Depot  
  102  11:34  Medivac  
  102  11:35  SCV x2, Marine  
  105  11:45  Medivac, Marine x3  
  105  11:46  Marine x2  
  86  12:09  Marine x4  
  86  12:10  Marine x4  
  90  12:19  Medivac  
  90  12:20  Medivac  
  80  12:27  Marine x6  
  80  12:28  Marine x2  
  78  12:35  SCV x2  
  65  12:45  Marine x8  
  71  12:53  Refinery  
  71  12:55  Refinery, Siege Tank  
  71  12:57  Viking  
  76  13:02  Marine  
  77  13:05  Marine  
  77  13:06  Marine x6  
  84  13:14  SCV x2  
  86  13:20  Marine  
  86  13:23  Marine x3  
  86  13:24  Marine  
  91  13:29  Command Center  
  91  13:31  Marine x3  
  94  13:37  Supply Depot  
  91  13:42  Command Center  
  75  13:56  Marine x7  
  75  13:57  Marine  
  75  14:01  Siege Tank, Medivac  
  75  14:02  Medivac  
  77  14:13  Marine, Combat Shield  
  77  14:14  Marine x6  
  64  14:27  SCV x2  
  66  14:36  Marine x3  
  66  14:37  Marine x5  
  74  14:39  Cyclone  
  74  14:41  Viking  
  80  14:47  Orbital Command  
  79  14:54  Marine  
  73  15:13  Marine x3  
  73  15:14  Marine x5  
  73  15:15  Cyclone  
  73  15:17  Medivac  
  82  15:28  Orbital Command  
  82  15:30  SCV x3  
  82  15:31  Marine  
  82  15:35  Marine x3  
  86  15:37  Marine  
  90  15:52  Marine x2  
  90  15:53  Marine x5  
  90  15:54  Marine  
  89  16:11  Medivac x2  
  89  16:20  Starport  
  89  16:22  Supply Depot  
  89  16:26  Starport  
  89  16:29  Marine x2  
  89  16:30  Marine x6  
  89  16:31  SCV x3  
  89  16:32  SCV  
  69  16:43  SCV  
Tags
 
Add a new tag
Caveats
  • Supply blocks, unpowered buildings, or Contaminate may cause inaccurate times.
  • Supply counts are checked every 10 seconds.